Description

with times for salt encoding

VOD

https://youtu.be/mLyxqBL_J_E?t=2051

Build Order

Get SALT Encoding   

  14  0:25  Supply Depot  
  16  0:42  Barracks  
  18  1:07  Refinery  
  20  1:30  Marine  
  20  1:32  Orbital Command  
  20  1:39  Command Center  
  20  1:50  Barracks Reactor  
  20  1:54  Barracks  Start making Marines
  21  2:04  Supply Depot  
  22  2:13  Refinery  
  23  2:27  Marine x2  
  25  2:30  Factory  
  26  2:42  Barracks Tech Lab  
  26  2:45  Marine x2  
  29  2:53  Orbital Command  
  30  3:02  Stimpack  
  30  3:07  Marine x3  continuous marine production
  35  3:25  Starport, Factory Reactor  
  39  3:40  Supply Depot  
  41  3:50  Engineering Bay  
  46  4:07  Medivac x2  
  56  4:30  Terran Infantry Weapons Level 1  
Spawning Tool Build Advisor. Get it on Overwolf

Go to:

Details

  • Created by: venipenny
  • Published on: Nov 25, 2016
  • Modified on: Dec 27, 2016
  • Patch: Pre-3.8.0
Show
View Real Time Build Order
Export as new Build Order

Comments (1)

On Nov. 28, 2016, 8:48 p.m., cmd_bat  said:

I stopped using this build after i realized Byun optimized this build specifically for sOs on this map. Gotta say tho. This build is highly optimized.

Create an account to comment!